 Dungeon Crawl Stone Soup version 0.20.1-1-g8b1a95d (webtiles) character file.

554 tidbits the Ruffian (level 7, 0/52 HPs)
             Began as a Green Draconian Transmuter on July 5, 2017.
             Slain by a jelly (3 damage)
             ... on level 6 of the Dungeon.
             The game lasted 00:19:58 (3062 turns).

tidbits the Ruffian (Green Draconian Transmuter)    Turns: 3062, Time: 00:19:58

Health: 0/52       AC: -2    Str: 12    XL:     7   Next: 8%
Magic:  7/10       EV: 12    Int: 16    God:
Gold:   205        SH:  0    Dex: 11    Spells: 4/10 levels left

rFire    . . .     SeeInvis .   b - +1 dagger (venom)
rCold    . . .     Gourm    .   (no shield)
rNeg     + + .     Faith    .   (armour unavailable)
rPois    +         Spirit   .   (helmet restricted)
rElec    .         Reflect  .   (no cloak)
rCorr    .         Harm     .   (no gloves)
MR       .....                  (no boots)
Stlth    ++........             (no amulet)
Regen    0.2/turn               o - ring of positive energy
MPRegen  0.2/turn               E - ring of positive energy

@: corroded
A: breathe noxious fumes, unfitting armour, poison resistance, cold-blooded, AC
+6
a: Breathe Noxious Fumes


You were on level 6 of the Dungeon.
You were hungry.

You visited 1 branch of the dungeon, and saw 6 of its levels.

You collected 205 gold pieces.

Inventory:

Hand Weapons
 b - a +1 dagger of venom (weapon)
   (You took it off a kobold on level 3 of the Dungeon)
 h - a +0 dagger
 l - a +0 shortbow
Missiles
 a - 80 arrows
 C - 28 stones (quivered)
Armour
 d - a +0 shield
 u - a +0 buckler
Jewellery
 o - a ring of positive energy (left hand)
   (You found it on level 3 of the Dungeon)
 E - a ring of positive energy (right hand)
   (You found it on level 4 of the Dungeon)
Wands
 j - a wand of digging (11/24)
 z - a wand of acid (4/15)
Scrolls
 k - a scroll of recharging {unknown}
 m - 6 scrolls of teleportation {unknown}
 t - a scroll of remove curse {unknown}
 w - a scroll of blinking {unknown}
 y - a scroll of fog {unknown}
 D - a scroll of amnesia {unknown}
 F - a scroll of random uselessness {unknown}
Potions
 e - 4 potions of lignification
 f - a potion of might
 i - 2 potions of berserk rage
 p - a potion of haste {unknown}
 r - a potion of heal wounds {unknown}
 s - a potion of flight {unknown}
 x - a potion of brilliance {unknown}
 B - a potion of resistance {unknown}
Books
 n - a book of Changes

   Spells                             Type                      Level
   a - Beastly Appendage              Transmutation                1
   b - Sticks to Snakes               Transmutation                2
   c - Spider Form                    Transmutation/Poison         3
   d - Ice Form                       Ice/Transmutation            4
   e - Blade Hands                    Transmutation                5
Comestibles
 c - 4 bread rations
 q - 3 meat rations
 v - 3 royal jellies
 A - 5 fruits
 G - 6 chunks of flesh


   Skills:
 - Level 1.1 Fighting
 - Level 1.7 Dodging
 - Level 2.4 Stealth
 + Level 6.1 Unarmed Combat
 - Level 2.0 Spellcasting
 - Level 4.2 Transmutations
 - Level 2.6 Poison Magic


You had 4 spell levels left.
You knew the following spells:

 Your Spells              Type           Power        Failure   Level  Hunger
e - Beastly Appendage     Tmut           ###...       3%          1    #......
k - Sticks to Snakes      Tmut           ###.....     5%          2    ###....
p - Spider Form           Tmut/Pois      ##........   16%         3    ###....


Dungeon Overview and Level Annotations

Branches:
Dungeon (6/15)
 Temple: D:4-7

Altars:
Cheibriados
Elyvilon
Hepliaklqana
Ru
Xom


Innate Abilities, Weirdness & Mutations

You can breathe blasts of noxious fumes.
Your lurid green scales are hard. (AC +6)
You cannot fit into any form of body armour.
Your system is resistant to poisons. (rPois)
You are cold-blooded and may be slowed by cold attacks.


Message History

The wyvern closely misses you. The wyvern bites you.
You hit the wyvern but do no damage.
The wyvern looks even sicker.
You tail-slap the wyvern.
The wyvern is lightly wounded.
The wyvern barely misses you.
Unknown command.
Casting: Sticks to Snakes
Confirm with . or Enter, or press ? or * to list all spells.
You turn into a venomous arachnid creature.
Your +1 dagger of venom melds into your body.
Your +1 dagger of venom stops dripping with poison.
The wyvern completely misses you. x2
You hit the wyvern.
The wyvern is heavily wounded.
The wyvern bites you! The wyvern completely misses you.
You hit the wyvern but do no damage.
The wyvern is heavily wounded.
The wyvern bites you.
You bite the wyvern!
The wyvern looks as sick as possible!
The wyvern is severely wounded.
The wyvern barely misses you.
You hit the wyvern.
The wyvern looks as sick as possible!
The wyvern is almost dead.
Your transformation is almost over.
The wyvern completely misses you. The wyvern bites you!
* * * LOW HITPOINT WARNING * * *
You hit the wyvern.
You kill the wyvern!
Your Unarmed Combat skill increases to level 6!
You have reached level 7!
Your scales start taking on a lurid green colour.
You learn Poison Magic much quicker.
You can breathe blasts of noxious fumes.
You feel resistant to poisons.
You see here a wyvern corpse.
You butcher the wyvern corpse.
G - 6 chunks of flesh Your transformation has ended.
Your +1 dagger of venom unmelds from your body.
Your +1 dagger of venom begins to drip with poison!
You are feeling hungry.
Magic restored.
Found a shortbow.
Found a garnet ring.
A jelly comes into view.
The jelly quivers.
Casting: Spider Form
Confirm with . or Enter, or press ? or * to list all spells.
You create a snake!
You now have 81 arrows.
Casting: Sticks to Snakes
Confirm with . or Enter, or press ? or * to list all spells.
You create a snake!
You now have 80 arrows.
You hit the jelly. The acid corrodes you!
Your hands burn!
The jelly is lightly wounded.
The jelly hits you.
* * * LOW HITPOINT WARNING * * *
You are splashed with acid!
The acid burns!
* * * LOW HITPOINT WARNING * * *
Your ball python bites the jelly.
Your ball python is burned by acid!
Your ball python withers and dies!
The orc shouts!
You hit the jelly but do no damage.
Your hands burn!
* * * LOW HITPOINT WARNING * * *
The jelly is moderately wounded.
Your ball python bites the jelly.
Your ball python is burned by acid!
Your ball python withers and dies!
You hear a distant blaring wail to the south.
The jelly closely misses you.
The teleport trap disappears.
The orc disappears!
Unknown command.
Evoke which item? (* to show all) (? for menu, Esc to quit)
You don't have any such object.
Evoke which item? (* to show all) (? for menu, Esc to quit)
Okay, then.
Evoke which item? (* to show all) (? for menu, Esc to quit)
Aiming: Corrosive Bolt
Press: ? - help, Shift-Dir - straight line, f - jelly
Aim: a jelly (moderately wounded)
The bolt of acid hits the jelly.
The jelly completely resists.
The jelly is moderately wounded.
This wand has 5 charges left.
The jelly hits you.
* * * LOW HITPOINT WARNING * * *
The acid corrodes you!
You are splashed with acid!
The acid burns!
* * * LOW HITPOINT WARNING * * *
Unknown command.
Okay, then.
Unknown command.
Okay, then.
You feel better. The jelly hits you.
* * * LOW HITPOINT WARNING * * *
You are splashed with acid!
The acid burns!
* * * LOW HITPOINT WARNING * * *
Evoke which item? (* to show all) (? for menu, Esc to quit)
Aiming: Corrosive Bolt
Press: ? - help, Shift-Dir - straight line, f/p - jelly
Aim: a jelly (moderately wounded)
The bolt of acid hits the jelly.
The jelly completely resists.
The jelly is moderately wounded.
This wand has 4 charges left.
The jelly hits you.
You die...

#.#.#...#######
.##.≈.#..#..........
.≈.#_..§§)......... .
#≈.._..#.......... ..
..≈#..#...# ..#####
.≈..####.# ......##♣#.##.##.#
.......##^##.# #J#
.............# #@#
....[........# #.#
.............# #.#
.............# #o#
.............###.############
.........###................#
##.###...# #................#
#.# #...# #................#
#.# #...# #................#


You could see a jelly and an orc.

Vanquished Creatures
  A wyvern (D:6)
  A bullfrog (D:6)
  A scorpion (D:4)
  3 crimson imps
  2 iguanas (D:4)
  5 adders
  An ooze (D:2)
  A worm (D:3)
  2 dart slugs
  3 leopard geckos
  7 bats
  3 giant cockroaches
  9 goblins
  6 hobgoblins
  12 jackals
  2 quokkas
  4 ball pythons
  6 frilled lizards
  5 kobolds
  5 rats
  2 plants (D:2)
81 creatures vanquished.

Vanquished Creatures (collateral kills)
  4 adders
  A jackal (D:3)
  A frilled lizard (D:2)
  A kobold (D:3)
7 creatures vanquished.

Grand Total: 88 creatures vanquished

Notes
Turn   | Place    | Note
-------+----------+-------------------------------------------
     0 | D:1      | tidbits the Draconian Transmuter began the quest for the Orb.
     0 | D:1      | Reached XP level 1. HP: 16/16 MP: 3/3
    98 | D:1      | Reached skill level 1 in Stealth
   332 | D:2      | Reached XP level 2. HP: 23/23 MP: 3/5
   336 | D:2      | Learned a level 2 spell: Sticks to Snakes
   401 | D:2      | Reached skill level 2 in Stealth
   434 | D:2      | You fall through a shaft!
   635 | D:3      | Reached XP level 3. HP: 28/28 MP: 6/6
   650 | D:3      | Learned a level 3 spell: Spider Form
   821 | D:3      | Found a faded altar of an unknown god.
   849 | D:3      | Reached skill level 1 in Poison Magic
  1187 | D:2      | Found a sacrificial altar of Ru.
  1196 | D:2      | Reached skill level 2 in Poison Magic
  1197 | D:2      | Found a white marble altar of Elyvilon.
  1321 | D:2      | Found a snail-covered altar of Cheibriados.
  1323 | D:2      | Found a hazy altar of Hepliaklqana.
  1350 | D:2      | Reached XP level 4. HP: 35/35 MP: 3/7
  2000 | D:3      | Reached skill level 4 in Unarmed Combat
  2234 | D:3      | Reached XP level 5. HP: 37/40 MP: 2/8
  2343 | D:5      | Entered Level 5 of the Dungeon
  2438 | D:4      | Reached skill level 3 in Transmutations
  2707 | D:4      | Reached skill level 4 in Transmutations
  2707 | D:4      | Reached XP level 6. HP: 42/47 MP: 5/9
  2896 | D:6      | Reached skill level 5 in Unarmed Combat
  2940 | D:6      | Found a shimmering altar of Xom.
  2941 | D:6      | Found a shimmering altar of Xom.
  3011 | D:6      | Noticed a wyvern
  3021 | D:6      | Killed a wyvern
  3021 | D:6      | Reached skill level 6 in Unarmed Combat
  3021 | D:6      | Your scales start taking on a lurid green colour.
  3021 | D:6      | Reached XP level 7. HP: 23/52 MP: 6/10
  3021 | D:6      | Gained mutation: Your system is resistant to poisons. (rPois) [Green Draconian growth]
  3061 | D:6      | HP: 3/52 [acid (11)]
  3062 | D:6      | Slain by a jelly

Skill      XL: |  1  2  3  4  5  6 |
---------------+-------------------+-----
Stealth        | 1 2 |  2.4
Poison Magic   | 2 |  2.6
Unarmed Combat | 4 6 |  6.1
Transmutations | 4 |  4.2
Fighting       | |  1.1
Dodging        | |  1.7
Spellcasting   | |  2.0

Action                   |  1- 3 |  4- 6 |  7- 9 || total
-------------------------+-------+-------+-------++-------
Melee: Unarmed           |    89 |     8 |       ||    97
       Tailslap          |    25 |    12 |       ||    37
       Headbutt          |     3 |       |       ||     3
       Kick              |     4 |    10 |       ||    14
       Dagger            |    66 |   148 |     2 ||   216
       Punch             |     2 |     3 |       ||     5
 Cast: Beastly Appendage |    21 |    12 |       ||    33
       Sticks to Snakes  |     5 |    12 |     2 ||    19
       Spider Form       |       |     2 |       ||     2
Evoke: Wand              |       |       |     2 ||     2
  Use: Scroll            |       |     7 |       ||     7
       Potion            |       |       |     1 ||     1
 Stab: Sleeping          |     8 |     2 |       ||    10
       Distracted        |       |     1 |       ||     1
  Eat: Chunk             |     1 |     8 |       ||     9
Armor: Skin              |    22 |    44 |       ||    66
Dodge: Dodged            |    63 |   117 |     1 ||   181

Table legend:
 A = Turns spent in this place as a percentage of turns spent in the entire game.
 B = Non-inter-level travel turns spent in this place as a percentage of non-inter-level travel turns spent in the entire game.
 C = Inter-level travel turns spent in this place as a percentage of turns spent in this place.
 D = Turns resting spent in this place as a percentage of non-inter-level travel turns spent in this place.
 E = Turns spent auto-exploring this place as a percentage of non-inter-level travel turns spent in this place.
 F = Non-inter-level travel turns spent in this place divided by the number of levels of this place that you've seen.
                   A       B       C       D       E      F
               +-------+-------+-------+-------+-------+----------------------
         Total | 100.0 | 100.0 |   0.4 |   0.4 |   0.0 | 389.3
       Dungeon | 100.0 | 100.0 |   0.4 |   0.4 |   0.0 | 389.3
               +-------+-------+-------+-------+-------+----------------------

Table legend:
 A = Kills in this place as a percentage of kills in entire the game.
 B = Kills by you in this place as a percentage of kills by you in the entire game.
 C = Kills by friends in this place as a percentage of kills by friends in the entire game.
 D = Other kills in this place as a percentage of other kills in the entire game.
 E = Experience gained in this place as a percentage of experience gained in the entire game.
 F = Experience gained in this place divided by the number of levels of this place that you have seen.
                   A       B       C       D       E      F
               +-------+-------+-------+-------+-------+----------------------
         Total | 100.0 | 100.0 | 100.0 |  -nan | 100.0 | 132.0
       Dungeon | 100.0 | 100.0 | 100.0 |  -nan | 100.0 | 132.0
               +-------+-------+-------+-------+-------+----------------------

Vault maps used:
D:1:      lightli_arrival_chessboard
D:2:      nicolae_overflow_hidden_temple, serial_forest,
          infiniplex_forest_straight_3, infiniplex_forest_straight_2,
          infiniplex_forest_end_3, infiniplex_forest_lined_room_,
          infiniplex_forest_straight_4, infiniplex_forest_end_1, first_bread,
          minmay_item_behind_shaft
D:3:      chequers_ecumenical_altar_simple, minmay_shallow_snake_nest
D:5:      fedhas_altar_4, minmay_temple_entry_fiery, roderic_serpentine_path
D:6:      overflow_temple_1_default, xom_redecorated
